 Dungeon Crawl Stone Soup version 0.25-b1-46-gb8a1ec0 (webtiles) character file.

Game seed: 10823702083419275630

376 Monick the Ruffian (level 6, -1/61 HPs)
             Began as a Troll Berserker on June 10, 2020.
             Was a Believer of Trog.
             Killed from afar by an orc wizard (8 damage)
             ... with a magic dart
             ... on level 5 of the Dungeon on June 11, 2020.
             The game lasted 00:25:05 (1966 turns).

Monick the Ruffian (Troll Berserker)                Turns: 1966, Time: 00:25:06

Health: -1/61      AC:  7    Str: 28    XL:     6   Next: 44%
Magic:  5/5        EV: 11    Int:  9    God:    Trog [**....]
Gold:   286        SH:  0    Dex:  9    Spells: 5/5 levels left

rFire    + . .     SeeInvis .     - Unarmed
rCold    x . .     Gourm    +   (no shield)
rNeg     . . .     Faith    .   a - +1 animal skin
rPois    .         Spirit   .   (helmet restricted)
rElec    .         Reflect  .   (no cloak)
rCorr    .         Harm     .   (gloves unavailable)
MR       .....                  (boots unavailable)
Stlth    +.........             (no amulet)
HPRegen  0.60/turn              d - ring of fire
MPRegen  0.09/turn              p - +6 ring of intelligence

@: no status effects
A: large, unfitting armour, claws 3, fast metabolism 3, gourmand, regeneration
1, shaggy fur 1, tough skin 3
a: Berserk, Trog's Hand, Renounce Religion


You were on level 5 of the Dungeon.
You worshipped Trog.
Trog was pleased with you.
You were very full.

You visited 1 branch of the dungeon, and saw 5 of its levels.

You collected 368 gold pieces.
You spent 82 gold pieces at shops.

Inventory:

Hand Weapons
 e - a +0 club
 g - a +0 short sword
 i - a +0 club
 k - a +0 club
 l - a +0 club
 m - a +0 dagger
 n - a +0 dagger
 o - a +0 mace
 r - a +0 trident
 A - a +0 hunting sling
 B - a +0 whip
 D - a +0 hand axe
 E - a cursed +0 dagger
 H - a +0 hand axe
 N - a +0 war axe
 O - a +0 broad axe
Missiles
 f - 81 arrows
 h - 74 sling bullets
 y - 126 stones (quivered)
Armour
 a - a +1 animal skin (worn)
 j - a +3 scale mail
 s - a +0 ring mail
 w - a +0 scale mail
 C - a +0 leather armour
 F - a cursed +0 scale mail
 P - a +0 pair of gloves
Jewellery
 c - an uncursed ring of resist corrosion
 d - a ring of fire (left claw)
 p - a +6 ring of intelligence (right claw)
Wands
 t - a wand of paralysis (6)
Scrolls
 v - 2 scrolls of teleportation
 I - a scroll of remove curse {unknown}
 M - 2 scrolls of identify
 Q - a scroll of vulnerability {unknown}
Potions
 q - a potion of berserk rage
 u - 2 potions of degeneration {unknown}
 x - a potion of haste {unknown}
 z - 3 potions of curing {unknown}
 G - a potion of flight {unknown}
 J - 2 potions of mutation {unknown}
 K - 2 potions of brilliance {unknown}
 L - a potion of resistance {unknown}
Comestibles
 b - 12 rations


   Skills:
 + Level 3.1 Fighting
 + Level 4.0 Dodging
 + Level 0.1 Stealth
 + Level 5.7 Unarmed Combat


You had 5 spell levels left.
You didn't know any spells.
Your spell library contained the following spells:

 Spells                   Type           Power        Failure   Level  Hunger
 Confusing Touch          Hex            #.......     77%         3    ####...
 Gell's Gravitas          Tloc           #.........   77%         3    ####...
 Petrify                  Tmut/Erth      #.......     99%         4    #####..
 Metabolic Englaciation   Hex/Ice        #.........   100%        5    ######.
 Yara's Violent Unravell  Hex/Tmut       #.........   100%        5    ######.


Dungeon Overview and Level Annotations

Branches:
Dungeon (5/15)             Temple (0/1) D:4

Altars:
Cheibriados
Dithmenos
Nemelex Xobeh
Okawaru
The Shining One

Shops:
D:4 ?

Annotations:
D:5 Menkaure


Innate Abilities, Weirdness & Mutations

You are too large for most types of armour.
You have claws for hands.
Your metabolism is lightning-fast.
You like to eat raw meat.
Your natural rate of healing is unusually fast.
You are covered in fur. (AC +1)
You have extremely tough skin. (AC +3)


Message History

Menkaure's bandages flutter.
Menkaure gestures wildly while chanting.
Menkaure seems to speed up.
You feel the effects of Trog's Hand fading.
The orc wizard gestures at you while chanting.
The puff of flame hits you. You resist.
The orc wizard gestures at you while chanting.
The magic dart hits you.
Your skin stops crawling.
You feel less resistant to hostile enchantments.
The orc wizard hits you but does no damage.
Menkaure hits you!
* * * LOW HITPOINT WARNING * * *
The orc closely misses you.
The orc wizard hits you with a +0 dagger.
* * * LOW HITPOINT WARNING * * *
The orc hits you but does no damage. The orc wizard casts a spell at you.
The magic dart hits you!
You die...

#.####...##.........
###.####...##..#+##.##
#.....##...##..# #
#.#.#.##...##..# #.#.#.# #..#
..... # #...#####
#..###########.....
#.####....###............#.....
#.....'....+..#.#########.#.....
#######....##.#@Mo......#.#.....
#....##.#†o.o.....#.#.....
#....##.#..Z....###.#.....
#..÷....#.................
###......#####............#
#........# #............#
#........# #............#
#........# #............#
#...####.# #......$.....#


You could see Menkaure (fast), an orc wizard (fast), 2 orcs and an adder zombie.

Vanquished Creatures
  A scorpion (D:5)
  2 hounds
  2 orc priests (D:3)
  2 worker ants
  2 orc wizards (D:3)
  An adder (D:4)
  An ooze (D:3)
  An adder skeleton (D:2)
  3 dart slugs
  4 leopard geckos
  8 orcs (D:3)
  2 ball pythons
  5 bats
  3 giant cockroaches
  5 goblins
  6 hobgoblins
  7 jackals (D:1)
  2 quokkas
  4 frilled lizards
  7 kobolds
  A leopard gecko skeleton (D:4)
  6 rats
  3 fungi (D:3)
  2 plants (D:1)
80 creatures vanquished.

Vanquished Creatures (others)
  5 toadstools (D:3)
5 creatures vanquished.

Grand Total: 85 creatures vanquished

Notes
Turn   | Place    | Note
-------+----------+-------------------------------------------
     0 | D:1      | Monick the Troll Berserker began the quest for the Orb.
     0 | D:1      | Reached XP level 1. HP: 22/22 MP: 0/0
    82 | D:1      | Reached XP level 2. HP: 27/29 MP: 1/1
   313 | D:1      | Reached XP level 3. HP: 35/36 MP: 2/2
   596 | D:2      | Reached ** piety under Trog
   920 | D:3      | Found a faded altar of an unknown god.
   920 | D:3      | Found a snail-covered altar of Cheibriados.
   934 | D:3      | Found a faded altar of an unknown god.
   941 | D:3      | Found a glowing golden altar of the Shining One.
   943 | D:3      | Found a sparkling altar of Nemelex Xobeh.
   992 | D:3      | Reached skill level 4 in Unarmed Combat
   992 | D:3      | Reached XP level 4. HP: 44/44 MP: 3/3
  1038 | D:3      | HP: 2/44 [orc wizard/cursed +0 dagger (4)]
  1044 | D:3      | Reached XP level 5. HP: 14/52 MP: 4/4
  1490 | D:4      | Found a staircase to the Ecumenical Temple.
  1495 | D:4      | Reached skill level 5 in Unarmed Combat
  1571 | D:4      | Found Tunahus's Magic Scroll Shoppe.
  1585 | D:4      | Bought a scroll of enchant armour for 82 gold pieces
  1643 | D:4      | Found a shadowy altar of Dithmenos.
  1653 | D:4      | Reached XP level 6. HP: 61/61 MP: 5/5
  1677 | D:4      | Found an iron altar of Okawaru.
  1719 | D:5      | Entered Level 5 of the Dungeon
  1943 | D:5      | Noticed Menkaure
  1966 | D:5      | Killed from afar by an orc wizard

Illustrated notes

Levels and vault maps discovered:
D:1:      wander_arrival_lonely_grave, layout_basic, serial_forest,
          infiniplex_forest_lined_1, infiniplex_forest_corner_1,
          infiniplex_forest_clump_diagonal, infiniplex_forest_clump_medium,
          infiniplex_forest_end_2, infiniplex_forest_3_way,
          infiniplex_forest_clump_small, minmay_misc_feat_iff
D:2:      layout_rooms, first_ration, minmay_split_cup_small
D:3:      layout_basic, chequers_temple_overflow_minitemple,
          minmay_gold_behind_fungi
D:4:      layout_basic, lemuel_coloured_pillars_altar,
          nicolae_overflow_crystal_walls, minmay_temple_entry_crystal_x,
          serial_shops, shop, hex_large, okawaru_trees_2, uniq_eustachio
D:5:      layout_basic, vehumet_statue, eat_drink_and_be_merry_uskayaw,
          kiku_gazebo_pond_becter, uniq_menkaure

Skill      XL: |  1  2  3  4  5  6 |
---------------+-------------------+-----
Dodging        | 3 4 |  4.0
Unarmed Combat | 4 5 |  5.7
Fighting       | 3 |  3.1
Stealth        | |  0.1

Action                   |  1- 3 |  4- 6 || total
-------------------------+-------+-------++-------
Melee: Unarmed           |   135 |    93 ||   228
Invok: Berserk           |     3 |     1 ||     4
       Trog's Hand       |     1 |     3 ||     4
  Use: Scroll            |     1 |     1 ||     2
       Potion            |     1 |       ||     1
  Eat: Chunk             |    17 |    11 ||    28
Armor: Animal skin       |    81 |    53 ||   134
Dodge: Dodged            |    96 |    74 ||   170
